 Dungeon Crawl Stone Soup version 0.22-a0-185-ge330310 (webtiles) character file.

242 Flooderbenga the Ruffian (level 5, 0/50 HPs)
             Began as a Troll Monk on Feb 15, 2018.
             Was a Follower of Ru.
             Slain by an orc wizard
             ... wielding a +0 dagger of venom
              (1 damage)
             ... on level 3 of the Dungeon.
             The game lasted 00:14:14 (2497 turns).

Flooderbenga the Ruffian (Troll Monk)               Turns: 2497, Time: 00:14:15

Health: 0/50       AC:  5    Str: 18 (20) XL:     5   Next: 81%
Magic:  4/4        EV: 10    Int:  3 (6)  God:    Ru [*.....]
Gold:   153        SH:  0    Dex:  9 (12) Spells: 4/4 levels left

rFire    . . .     SeeInvis .     - Unarmed
rCold    . . .     Gourm    +   (no shield)
rNeg     . . .     Faith    .   a - +0 robe
rPois    .         Spirit   .   (helmet restricted)
rElec    .         Reflect  .   (no cloak)
rCorr    .         Harm     .   (gloves unavailable)
MR       .....                  (boots unavailable)
Stlth    +.........             (no amulet)
HPRegen  0.56/turn              (no ring)
MPRegen  0.09/turn              (no ring)

@: lethally poisoned (0 -> -27), flying, very slightly contaminated, hasted,
invisible, very quick
A: large, unfitting armour, claws 3, fast metabolism 3, gourmand, regeneration
1, shaggy fur 1, tough skin 2, inability to read while threatened
a: Renounce Religion


You were on level 3 of the Dungeon.
You worshipped Ru.
Ru was aware of your devotion.
You were completely stuffed.

You visited 1 branch of the dungeon, and saw 3 of its levels.

You collected 153 gold pieces.

Inventory:

Hand Weapons
 r - a +2 spear of freezing
Missiles
 e - 93 stones (quivered)
 g - 11 arrows
 o - 23 sling bullets
 t - 18 poisoned needles
 u - a throwing net
 w - 16 bolts
Armour
 a - a +0 robe (worn)
 c - a +0 shield
Scrolls
 d - 9 scrolls of identify {unknown}
 j - a scroll of fog {unknown}
 k - 2 scrolls of enchant weapon {unknown}
 q - 2 scrolls of remove curse {unknown}
 s - a scroll of amnesia {unknown}
 v - a scroll of noise {unknown}
Potions
 f - a potion of flight
 n - a potion of berserk rage {unknown}
 p - a potion of heal wounds {unknown}
 x - a potion of agility {unknown}
Comestibles
 b - 7 rations
 m - 2 chunks of flesh


   Skills:
 - Level 2.4 Fighting
 - Level 2.4 Dodging
 - Level 1.0 Stealth
 * Level 6.6 Unarmed Combat


You had 4 spell levels left.
You didn't know any spells.

Dungeon Overview and Level Annotations

Branches:
Dungeon (3/15)

Altars:
Ru
Uskayaw


Innate Abilities, Weirdness & Mutations

You are too large for most types of armour.
You have claws for hands.
Your metabolism is lightning-fast.
You like to eat raw meat.
Your natural rate of healing is unusually fast.
You are covered in fur. (AC +1)
You have very tough skin. (AC +2)
You cannot read scrolls while threatened.


Message History

* * * LOW HITPOINT WARNING * * *
You feel very sick.
Something hits you but does no damage. x2
You are more poisoned.
You are very lightly contaminated with residual magic.
You take 2 damage, and have 6/50 hp.
It was a potion of haste.
You feel yourself speed up.
You can read scrolls again.
* * * LOW HITPOINT WARNING * * *
You feel very sick. Something hits you but does no damage.
You are more poisoned.
You take 3 damage, and have 3/50 hp.
It was a potion of degeneration.
There was something very wrong with that liquid.
You feel weakened.
You feel dopey.
You feel clumsy.
* * * LOW HITPOINT WARNING * * *
You feel very sick. Something hits you.
You die...

.....# ######.#..# ###...##..#
#.
#.###########.#..#####...##..# #
#..............................
#..##########............##..###
#..# ##########.### .# #..# #.#
# #..############### #.#
#.............)..# #.#
##.#############@# #.. ##.# #.#
.. ##.#############.# #.#
##...............# #.#
##..############## ### #.# ##..#
..# #.# .#..### #.# #.# ......#
#.# #.# .##.#.# #### #.# #.#


There were no monsters in sight!

Vanquished Creatures
  3 orc priests (D:3)
  7 gnolls
  An adder zombie (D:3)
  4 dart slugs
  3 leopard geckos
  11 orcs
  A giant cockroach (D:2)
  4 goblins
  10 hobgoblins
  A jackal (D:2)
  A ball python (D:1)
  4 bats
  A frilled lizard (D:2)
  8 kobolds
  7 rats
66 creatures vanquished.

Notes
Turn   | Place    | Note
-------+----------+-------------------------------------------
     0 | D:1      | Flooderbenga the Troll Monk began the quest for the Orb.
     0 | D:1      | Reached XP level 1. HP: 22/22 MP: 0/0
   296 | D:1      | Reached XP level 2. HP: 27/29 MP: 1/1
   573 | D:1      | Reached skill level 4 in Unarmed Combat
   860 | D:1      | Reached XP level 3. HP: 36/36 MP: 2/2
  1345 | D:1      | Reached skill level 5 in Unarmed Combat
  1345 | D:1      | Reached XP level 4. HP: 44/44 MP: 3/3
  1461 | D:2      | Found a sacrificial altar of Ru.
  1481 | D:2      | Became a worshipper of Ru the Awakened
  1499 | D:2      | Gained mutation: You cannot read scrolls while threatened. [Ru sacrifice]
  1499 | D:2      | Reached * piety under Ru
  1879 | D:3      | Found a hide-covered altar of Uskayaw.
  1998 | D:3      | Reached XP level 5. HP: 37/50 MP: 4/4
  2012 | D:3      | Reached skill level 6 in Unarmed Combat
  2497 | D:3      | HP: 1/50 [poisoned by an orc wizard]
  2497 | D:3      | Slain by an orc wizard

Vault maps used:
D:1:      dpeg_arrival_three_same_balls
D:2:      nicolae_ru_great_annihilating_truth
D:3:      old_standard_altar

Skill      XL: |  1  2  3  4  5 |
---------------+----------------+-----
Unarmed Combat | 4 5 6 |  6.6
Fighting       | |  2.4
Dodging        | |  2.4
Stealth        | |  1.0

Action                   |  1- 3 |  4- 6 || total
-------------------------+-------+-------++-------
Melee: Unarmed           |    73 |   116 ||   189
       Punch             |       |     2 ||     2
Throw: Stone             |       |     1 ||     1
Invok: Sacrifice Words   |       |     1 ||     1
  Use: Potion            |       |     4 ||     4
 Stab: Sleeping          |     5 |     2 ||     7
       Paralysed         |       |     1 ||     1
  Eat: Chunk             |    18 |    10 ||    28
Armor: Robe              |    26 |    26 ||    52
Dodge: Dodged            |    29 |    42 ||    71

Table legend:
 A = Spawn XP
 B = Non-spawn XP
 C = Spawn XP percentage of total XP
 D = Spawn monster count
 E = Non-spawn monster count
 F = Spawn count percentage of total count
 G = Total turns spent on level
                    A         B        C        D         E        F      G
               +---------+---------+-------+---------+---------+-------+---------
         Total |       0 |     346 |   0.0 |       0 |      66 |   0.0 |  2497
               +---------+---------+-------+---------+---------+-------+---------
           D:1 |       0 |      93 |   0.0 |       0 |      26 |   0.0 |   985
           D:2 |       0 |      77 |   0.0 |       0 |      19 |   0.0 |   741
           D:3 |       0 |     176 |   0.0 |       0 |      21 |   0.0 |   771
               +---------+---------+-------+---------+---------+-------+---------
